 Dungeon Crawl Stone Soup version 0.31.0-9-g3a7656b989 (webtiles) character file.

Game seed: 11878837199199406798

5920 qw the Skirmisher (level 10, -11/84 HPs)
             Began as a Demigod Hunter on Feb 2, 2024.
             Collided with a rock wall (19 damage)
             ... after being knocked back by a rakshasa
             ... on level 8 of the Dungeon.
             The game lasted 00:00:59 (6443 turns).

qw the Skirmisher (Demigod Hunter)                  Turns: 6443, Time: 00:01:00

Health: -11/84     AC: 12    Str: 12    XL:     10   Next: 29%
Magic:  13/13      EV: 23    Int: 11    God:
Gold:   440        SH:  0    Dex: 29    Spells: 9/9 levels left

rFire   + . .        j - +0 orcbow
rCold   x . .        (shield currently unavailable)
rNeg    . . .        k - +1 leather armour {rF+}
rPois   +            b - +0 helmet
rElec   .            (no cloak)
rCorr   .            l - +1 pair of gloves
SInv    .            a - +0 pair of boots
Will    +....        (no amulet)
Stlth   ++           d - +5 ring of evasion
HPRegen 0.34/turn    m - +4 ring of protection
MPRegen 0.13/turn

%: no passive effects
@: no status effects
A: high MP 1, forlorn, divine attributes, poison resistance, cold vulnerability
1, noise suppression
a: no special abilities


You were on level 8 of the Dungeon.
You visited 1 branch of the dungeon, and saw 8 of its levels.

You collected 464 gold pieces.
You spent 24 gold pieces at shops.


Innate Abilities, Weirdness & Mutations

You have an increased reservoir of magic. (+10% MP)
You shall have no god before yourself.
Your divine heritage dramatically boosts your attributes as you level up.
Your system is resistant to poisons. (rPois)
You are vulnerable to cold. (rC-)
You passively dampen the noise of your surroundings.


   Skills:
 - Level 6.4 Fighting
 + Level 11.7 Ranged Weapons
 - Level 2.0 Armour
 - Level 7.0 Dodging
 - Level 0.8 Stealth


You had 9 spell levels left.
You didn't know any spells.
Your spell library was empty.

Inventory:

Hand Weapons
 j - a +0 orcbow (weapon)
Armour
 a - a +0 pair of boots (worn)
 b - a +0 helmet (worn)
 k - a +1 leather armour of fire resistance (worn)
 l - a +1 pair of gloves (worn)
Jewellery
 d - a +5 ring of evasion (left hand)
 m - a +4 ring of protection (right hand)
Wands
 c - a wand of roots (5)
 g - a wand of polymorph (8)
Scrolls
 h - a scroll of identify
Potions
 e - a potion of enlightenment
 f - 4 potions of curing

Dungeon Overview and Level Annotations

Branches:
Dungeon (8/15)             Temple (0/1) D:7
   Lair: D:8-11

Shops:
D:1 *

Annotations:
D:2 1 runed translucent door, Crazy Yiuf
D:3 3 runed translucent doors, qw's ghost, amateur GrHu


Message History

You start resting.
An orc comes into view. It is wielding a +4 dagger.
6411 ||| FLEEEEING.
6412 ||| FLEEEEING.
You start resting.
A rakshasa comes into view.
It is wielding the +9 dagger "Dapron" {venom, rC+ Dex+4}.
You shoot an arrow. The arrow hits the rakshasa!
The rakshasa is lightly wounded.
You shoot an arrow. The arrow hits the rakshasa.
The rakshasa is moderately wounded.
You shoot an arrow. The arrow hits the rakshasa.
The rakshasa is moderately wounded.
You shoot an arrow. The arrow barely misses the rakshasa.
You shoot an arrow. The arrow closely misses the rakshasa.
You shoot an arrow. The arrow hits the rakshasa.
The rakshasa is moderately wounded.
You shoot an arrow. The arrow closely misses the rakshasa.
The rakshasa hits you with the +9 dagger "Dapron" {venom, rC+ Dex+4}.
You shoot an arrow. The arrow closely misses the rakshasa.
The rakshasa blinks!
You start resting.
A rakshasa is nearby!
You shoot an arrow.
The arrow hits the rakshasa but does no damage.
The rakshasa is moderately wounded.
The rakshasa gestures at you. The lance of force hits you!
You are knocked back by the lance of force.
You slam into the rock wall!
You shoot an arrow.
The arrow hits the rakshasa but does no damage.
The rakshasa is moderately wounded.
You shoot an arrow.
The arrow hits the rakshasa but does no damage.
The rakshasa is moderately wounded.
The rakshasa gestures at you. The lance of force hits you!
You are knocked back by the lance of force.
You slam into the rock wall!
You die...

.# #...#.......#..#
.# .#
........#.#..##.#..#
.............)).....
...................##
...##.##.#.##.######
.
.^..................
..
......R.)..).##.....
... .##.##.#....#
.... #.. #.##@##...#
...
##...##.##.##.).#. ..
...............o.. .
##...##.##.##..##..
#..................
.....##.##..#.......
.... ...#..# .... ##.
##.#..# ##. [. .#..#


You could see a rakshasa.

Vanquished Creatures
  A two-headed ogre (D:7)
  Pikel (D:5)
  A manticore (D:7)
  A cyclops (D:7)
  Jeremiah (D:8)
  A hornet (D:7)
  A vampire mosquito (D:7)
  Edmund (D:5)
  3 water moccasins
  An orc warrior (D:8)
  3 ogres
  An ice beast (D:7)
  A sky beast (D:8)
  5 black bears
  4 centaurs
  2 lemures (D:5)
  A phantom (D:4)
  A kobold brigand (D:7)
  4 bullfrogs
  2 scorpions
  5 killer bees (D:7)
  4 bombardier beetles
  3 hounds
  6 orc priests
  3 jellies
  2 sleepcaps
  3 iguanas
  7 orc wizards
  Robin (D:4)
  8 gnolls
  6 adders
  2 shadow imps
  A white imp (D:7)
  2 ufetubi (D:6)
  A dart slug (D:1)
  3 ribbon worms
  27 orcs
  3 bats
  5 endoplasms
  2 giant cockroaches
  16 goblins
  11 hobgoblins
  8 jackals
  5 kobolds
  2 quokkas
  7 ball pythons
  8 frilled lizards
  4 rats
191 creatures vanquished.

Notes
Turn   | Place    | Note
-------+----------+-------------------------------------------
     0 | D:1      | qw the Demigod Hunter began the quest for the Orb.
     0 | D:1      | Reached XP level 1. HP: 17/17 MP: 3/3
     0 | D:1      | 0 ||| qw: Version: 0.3-a-155-g5e7d8dd
     0 | D:1      | 0 ||| qw: Game counter: 197
     0 | D:1      | 0 ||| qw: Melee chars always use a shield: true
     0 | D:1      | 0 ||| qw: God list: Okawaru
     0 | D:1      | 0 ||| qw: Allow faded altars: false
     0 | D:1      | 0 ||| qw: Do Orc after clearing Dungeon:15 true
     0 | D:1      | 0 ||| qw: Do second Lair branch before Depths: true
     0 | D:1      | 0 ||| qw: Lair rune preference: random
     0 | D:1      | 0 ||| qw: Goals: Normal
     0 | D:1      | 0 ||| PLANNING D:1-11
   102 | D:1      | Reached skill level 4 in Ranged Weapons
   159 | D:1      | Found Muwkebiy's Assorted Antiques.
   169 | D:1      | 169 ||| BUYING clear potion (24 gold).
   169 | D:1      | Bought a clear potion for 24 gold pieces
   169 | D:1      | 169 ||| SHOPLISTING purple potion (24 gold, have 14).
   169 | D:1      | 169 ||| SHOPLISTING scroll labelled BILUECR IZUM (27 gold,
                  | have 14).
   169 | D:1      | 169 ||| SHOPLISTING scroll labelled EKUSOE MEAQ (27 gold,
                  | have 14).
   169 | D:1      | 169 ||| SHOPLISTING scroll labelled JAXAF SYAX (27 gold,
                  | have 14).
   169 | D:1      | 169 ||| SHOPLISTING scroll labelled JIEGIE OFONEW (27 gold,
                  | have 14).
   169 | D:1      | 169 ||| SHOPLISTING smoky clear potion (24 gold, have 14).
   169 | D:1      | 169 ||| SHOPLISTING viscous blue potion (24 gold, have 14).
   172 | D:1      | Reached XP level 2. HP: 24/24 MP: 4/4
   552 | D:1      | 552 ||| UPGRADING to +0 ring mail.
   562 | D:1      | 562 ||| DROPPING +0 leather armour.
   563 | D:1      | 563 ||| READING scroll labelled RUYM NYUR QEOT.
   564 | D:1      | 564 ||| READING 4 scrolls labelled JIEGIE OFONEW.
   564 | D:1      | 564 ||| IDENTIFYING ruby potion
   565 | D:1      | 565 ||| READING 3 scrolls of identify.
   565 | D:1      | 565 ||| IDENTIFYING 2 clear potions
   566 | D:1      | 566 ||| READING 2 scrolls of identify.
   566 | D:1      | 566 ||| IDENTIFYING scroll labelled SELARA ZOYSASS
   567 | D:1      | 567 ||| READING scroll of identify.
   567 | D:1      | 567 ||| IDENTIFYING scroll labelled TOLETO RONO
   568 | D:1      | 568 ||| DROPPING scroll of butterflies.
   569 | D:1      | 569 ||| DROPPING potion of brilliance.
   570 | D:1      | 570 ||| DROPPING scroll of fog.
   571 | D:1      | 571 ||| DROPPING scroll of amnesia.
   732 | D:2      | Reached XP level 3. HP: 29/29 MP: 5/5
   934 | D:2      | Reached skill level 5 in Ranged Weapons
  1107 | D:2      | Found a runed translucent door.
  1108 | D:2      | Noticed Crazy Yiuf
  1166 | D:2      | 1166 ||| UPGRADING to +5 ring of evasion.
  1167 | D:2      | 1167 ||| READING scroll labelled IBBU NAUMNIGHU.
  1298 | D:3      | Reached XP level 4. HP: 36/36 MP: 6/6
  1489 | D:3      | Found a runed translucent gate.
  1489 | D:3      | Found a runed translucent gate.
  1489 | D:3      | Found a runed translucent gate.
  1489 | D:3      | Noticed qw's ghost (amateur GrHu)
  1490 | D:3      | Noticed a kobold brigand
  1617 | D:3      | 1617 ||| UPGRADING to +0 helmet.
  1622 | D:3      | 1622 ||| UPGRADING to ring of protection from cold.
  1623 | D:3      | 1623 ||| DRINKING 2 amethyst potions.
  1645 | D:4      | 1645 ||| STAIRDANCE
  1716 | D:4      | Reached skill level 1 in Armour
  1742 | D:4      | Noticed an ogre
  1751 | D:4      | Killed an ogre
  1752 | D:4      | Reached XP level 5. HP: 15/41 MP: 7/7
  1875 | D:4      | Reached skill level 6 in Ranged Weapons
  2059 | D:4      | Reached XP level 6. HP: 50/50 MP: 8/8
  2090 | D:4      | Reached skill level 3 in Fighting
  2128 | D:4      | Noticed Robin
  2130 | D:4      | Killed Robin
  2187 | D:4      | Noticed a water moccasin
  2193 | D:4      | Killed a water moccasin
  2194 | D:4      | Reached skill level 3 in Dodging
  2506 | D:4      | Reached XP level 7. HP: 48/57 MP: 9/9
  2566 | D:4      | Reached skill level 7 in Ranged Weapons
  2742 | D:4      | 2742 ||| UPGRADING to +1 leather armour of fire resistance.
  2752 | D:4      | 2752 ||| DROPPING +0 ring mail.
  2753 | D:4      | 2753 ||| UPGRADING to +4 ring of protection.
  2755 | D:4      | 2755 ||| DROPPING ring of protection from cold.
  2756 | D:4      | 2756 ||| DRINKING 2 murky coppery potions.
  2756 | D:4      | Gained mutation: You possess an exceptional clarity of
                  | mind. [potion of mutation]
  2756 | D:4      | Gained mutation: You are partially covered in large bone
                  | plates. (SH +4) [potion of mutation]
  2756 | D:4      | Gained mutation: You are vulnerable to cold. (rC-) [potion
                  | of mutation]
  2756 | D:4      | Gained mutation: You have sharp toenails. [potion of
                  | mutation]
  2757 | D:4      | 2757 ||| DRINKING potion of mutation.
  2757 | D:4      | Lost mutation: You are partially covered in large bone
                  | plates. (SH +4) [potion of mutation]
  2757 | D:4      | Lost mutation: You possess an exceptional clarity of mind.
                  | [potion of mutation]
  2757 | D:4      | Lost mutation: You have sharp toenails. [potion of
                  | mutation]
  2757 | D:4      | Gained mutation: You passively dampen the noise of your
                  | surroundings. [potion of mutation]
  2757 | D:4      | Gained mutation: Your system is resistant to poisons.
                  | (rPois) [potion of mutation]
  2762 | D:5      | Entered Level 5 of the Dungeon
  2808 | D:5      | Noticed Edmund
  2833 | D:5      | Killed Edmund
  2945 | D:5      | 2945 ||| FLEEEEING.
  2947 | D:5      | 2947 ||| FLEEEEING.
  3032 | D:5      | Reached skill level 8 in Ranged Weapons
  3086 | D:5      | 3086 ||| RETREEEEATING.
  3087 | D:5      | 3087 ||| RETREEEEATING.
  3091 | D:5      | 3091 ||| RETREEEEATING.
  3092 | D:5      | 3092 ||| RETREEEEATING.
  3102 | D:5      | Noticed Pikel
  3103 | D:5      | 3103 ||| RETREEEEATING.
  3104 | D:5      | 3104 ||| RETREEEEATING.
  3105 | D:5      | 3105 ||| RETREEEEATING.
  3122 | D:5      | Killed Pikel
  3123 | D:5      | Reached XP level 8. HP: 61/70 MP: 10/10
  3501 | D:5      | Reached skill level 9 in Ranged Weapons
  3631 | D:5      | 3631 ||| READING 2 scrolls of identify.
  3631 | D:5      | 3631 ||| IDENTIFYING fizzy inky potion
  3632 | D:5      | 3632 ||| READING scroll of identify.
  3632 | D:5      | 3632 ||| IDENTIFYING silvery potion
  3633 | D:5      | 3633 ||| READING scroll labelled KOEXOD NIMMUINT.
  3633 | D:5      | 3633 ||| ENCHANTING +0 shortbow.
  3634 | D:5      | 3634 ||| DROPPING potion of berserk rage.
  3635 | D:5      | 3635 ||| DROPPING potion of magic.
  3671 | D:6      | 3671 ||| READING scroll of enchant weapon.
  3671 | D:6      | 3671 ||| ENCHANTING +1 shortbow.
  4270 | D:6      | 4270 ||| READING scroll labelled JEIGIA LA DEASCHO.
  4271 | D:6      | 4271 ||| READING scroll labelled EKUSOE MEAQ.
  4311 | D:7      | Found a staircase to the Ecumenical Temple.
  4332 | D:7      | Reached XP level 9. HP: 75/75 MP: 11/11
  4360 | D:7      | 4360 ||| ZAPPING wand of acid (11) at 1,0 (black bear;
                  | floor).
  4657 | D:7      | Noticed a cyclops
  4675 | D:7      | Noticed a two-headed ogre
  4679 | D:7      | 4679 ||| ZAPPING wand of acid (10) at -1,-5 (two-headed
                  | ogre; floor).
  4680 | D:7      | 4680 ||| ZAPPING wand of acid (9) at -1,-5 (two-headed
                  | ogre; floor).
  4681 | D:7      | 4681 ||| ZAPPING wand of acid (8) at -1,-4 (two-headed
                  | ogre; floor).
  4682 | D:7      | 4682 ||| ZAPPING wand of acid (7) at -1,-3 (two-headed
                  | ogre; floor).
  4683 | D:7      | 4683 ||| ZAPPING wand of acid (6) at -1,-2 (two-headed
                  | ogre; floor).
  4683 | D:7      | Killed a two-headed ogre
  4684 | D:7      | Reached skill level 10 in Ranged Weapons
  4787 | D:7      | 4787 ||| SWAPPING to +0 orcbow.
  4794 | D:7      | 4794 ||| RETREEEEATING.
  4799 | D:7      | 4799 ||| ZAPPING wand of acid (5) at 3,1 (cyclops; floor).
  4800 | D:7      | 4800 ||| ZAPPING wand of acid (4) at 3,1 (cyclops; floor).
  4802 | D:7      | 4802 ||| ZAPPING wand of acid (3) at 2,1 (cyclops; floor).
  4803 | D:7      | 4803 ||| ZAPPING wand of acid (2) at 2,1 (cyclops; floor).
  4804 | D:7      | 4804 ||| ZAPPING wand of acid (1) at 1,1 (cyclops; floor).
  4806 | D:7      | Killed a cyclops
  4807 | D:7      | Reached skill level 6 in Dodging
  4836 | D:7      | Noticed a manticore
  4847 | D:7      | Killed a manticore
  4848 | D:7      | Reached skill level 6 in Fighting
  4997 | D:7      | 4997 ||| DROPPING +2 shortbow.
  5134 | D:7      | Reached skill level 11 in Ranged Weapons
  5165 | D:7      | Reached XP level 10. HP: 84/84 MP: 13/13
  5512 | D:7      | 5512 ||| UPGRADING to +0 pair of boots.
  5517 | D:7      | 5517 ||| UPGRADING to +1 pair of gloves.
  5522 | D:7      | 5522 ||| READING scroll labelled VIYNOT FOITAE.
  5583 | D:8      | Noticed Jeremiah
  5624 | D:8      | 5624 ||| RETREEEEATING.
  5985 | D:7      | 5985 ||| READING scroll labelled NOZIECL HOAQAXT.
  6123 | D:7      | 6123 ||| Stepping randomly (stuck).
  6124 | D:7      | 6124 ||| Stepping randomly (stuck).
  6125 | D:7      | 6125 ||| Stepping randomly (stuck).
  6126 | D:7      | 6126 ||| Stepping randomly (stuck).
  6127 | D:7      | 6127 ||| Stepping randomly (stuck).
  6128 | D:7      | 6128 ||| Stepping randomly (stuck).
  6129 | D:7      | 6129 ||| Stepping randomly (stuck).
  6130 | D:7      | 6130 ||| Stepping randomly (stuck).
  6131 | D:7      | 6131 ||| Stepping randomly (stuck).
  6132 | D:7      | 6132 ||| Stepping randomly (stuck).
  6133 | D:7      | 6133 ||| Stepping randomly (stuck).
  6134 | D:7      | 6134 ||| Stepping randomly (stuck).
  6135 | D:7      | 6135 ||| Stepping randomly (stuck).
  6136 | D:7      | 6136 ||| Stepping randomly (stuck).
  6137 | D:7      | 6137 ||| Stepping randomly (stuck).
  6138 | D:7      | 6138 ||| Stepping randomly (stuck).
  6139 | D:7      | 6139 ||| Stepping randomly (stuck).
  6140 | D:7      | 6140 ||| Stepping randomly (stuck).
  6141 | D:7      | 6141 ||| Stepping randomly (stuck).
  6142 | D:7      | 6142 ||| Stepping randomly (stuck).
  6143 | D:7      | 6143 ||| Stepping randomly (stuck).
  6144 | D:7      | 6144 ||| Stepping randomly (stuck).
  6145 | D:7      | 6145 ||| Stepping randomly (stuck).
  6146 | D:7      | 6146 ||| Stepping randomly (stuck).
  6147 | D:7      | 6147 ||| Stepping randomly (stuck).
  6148 | D:7      | 6148 ||| Stepping randomly (stuck).
  6149 | D:7      | 6149 ||| Stepping randomly (stuck).
  6150 | D:7      | 6150 ||| Stepping randomly (stuck).
  6151 | D:7      | 6151 ||| Stepping randomly (stuck).
  6152 | D:7      | 6152 ||| Stepping randomly (stuck).
  6153 | D:7      | 6153 ||| Stepping randomly (stuck).
  6154 | D:7      | 6154 ||| Stepping randomly (stuck).
  6155 | D:7      | 6155 ||| Stepping randomly (stuck).
  6156 | D:7      | 6156 ||| Stepping randomly (stuck).
  6157 | D:7      | 6157 ||| Stepping randomly (stuck).
  6158 | D:7      | 6158 ||| Stepping randomly (stuck).
  6159 | D:7      | 6159 ||| Stepping randomly (stuck).
  6160 | D:7      | 6160 ||| Stepping randomly (stuck).
  6161 | D:7      | 6161 ||| Stepping randomly (stuck).
  6162 | D:7      | 6162 ||| Stepping randomly (stuck).
  6163 | D:7      | 6163 ||| Stepping randomly (stuck).
  6164 | D:7      | 6164 ||| Stepping randomly (stuck).
  6165 | D:7      | 6165 ||| Stepping randomly (stuck).
  6166 | D:7      | 6166 ||| Stepping randomly (stuck).
  6167 | D:7      | 6167 ||| Stepping randomly (stuck).
  6168 | D:7      | 6168 ||| Stepping randomly (stuck).
  6169 | D:7      | 6169 ||| Stepping randomly (stuck).
  6170 | D:7      | 6170 ||| Stepping randomly (stuck).
  6171 | D:7      | 6171 ||| Stepping randomly (stuck).
  6172 | D:7      | 6172 ||| Stepping randomly (stuck).
  6173 | D:7      | 6173 ||| Stepping randomly (stuck).
  6174 | D:7      | 6174 ||| READING scroll of teleportation.
  6389 | D:8      | Killed Jeremiah
  6411 | D:8      | 6411 ||| FLEEEEING.
  6412 | D:8      | 6412 ||| FLEEEEING.
  6431 | D:8      | Identified the +9 dagger "Dapron" {venom, rC+ Dex+4}
  6431 | D:8      | Noticed a rakshasa
  6443 | D:8      | HP: 8/84 [rakshasa/lance of force (15)]
  6443 | D:8      | Collided with a rock wall

Levels and vault maps discovered:
D:1:      spicycebolla_arrival_clurvy, layout_loops_ring, serial_shops, shop,
          supply_closet_lemuel
D:2:      layout_rooms, dreamdust_ecumenical_altar_angels_and_demons,
          patterned_corridor, uniq_crazy_yiuf_cottage
D:3:      layout_basic, nicolae_ru_awakened_eye,
          mainiacjoe_overflow_cross_hatched, gammafunk_ghost_nasty_kobolds
D:4:      layout_loops_cross, nicolae_wu_jian_immortal_techniques,
          chequers_arboretum, uniq_robin
D:5:      nicolae_cairo_tiling_large, layout_rooms, led_sif_book,
          minmay_increasing_density, uniq_pikel, uniq_edmund
D:6:      layout_basic, mainiacjoe_overflow_paths, evilmike_ruin_ashenzari
D:7:      kennysheep_windowed_halls, layout_layer_cave,
          minmay_temple_entry_glassed_door
D:8:      layout_basic, uniq_erica, uniq_jeremiah

Skill      XL: |  1  2  3  4  5  6  7  8  9 10 |
---------------+-------------------------------+-----
Ranged Weapons | 4 5 6 8 9 11 | 11.7
Fighting       | 2 3 5 6 |  6.4
Dodging        | 2 3 4 5 6 7 |  7.0
Armour         | 1 2 |  2.0
Stealth        | |  0.8

Action                     |  1- 3 |  4- 6 |  7- 9 | 10-12 || total
---------------------------+-------+-------+-------+-------++-------
   Fire: Shortbow          |   134 |   174 |   276 |       ||   584
         Orcbow            |       |       |    68 |   133 ||   201
  Evoke: Wand              |       |       |    11 |       ||    11
    Use: Scroll            |     6 |       |     6 |     3 ||    15
         Potion            |       |     1 |     2 |       ||     3
 Armour: Leather armour    |     3 |       |    82 |    27 ||   112
         Ring mail         |    20 |    50 |    17 |       ||    87
  Dodge: Dodged            |    24 |   120 |   211 |    63 ||   418

Table legend:
 A = Non-vault XP
 B = Vault XP
 C = Vault XP percentage of total XP
 D = Non-vault monster count
 E = Vault monster count
 F = Vault count percentage of total count
                 A         B        C        D         E       F
            +---------+---------+-------+---------+---------+-------
      Total |    3337 |    5121 |  60.5 |     145 |      44 |  23.3
            +---------+---------+-------+---------+---------+-------
        D:1 |      32 |       0 |   0.0 |      18 |       0 |   0.0
        D:2 |      82 |       0 |   0.0 |      25 |       0 |   0.0
        D:3 |      17 |       0 |   0.0 |      11 |       0 |   0.0
        D:4 |     803 |      38 |   4.5 |      33 |      13 |  28.3
        D:5 |     509 |    1220 |  70.6 |      16 |      10 |  38.5
        D:6 |     340 |       0 |   0.0 |      14 |       0 |   0.0
        D:7 |     993 |    3475 |  77.8 |      14 |      20 |  58.8
        D:8 |     561 |     388 |  40.9 |      14 |       1 |   6.7
            +---------+---------+-------+---------+---------+-------
